Map: Abyssal Reef LE

Players

Railgan - Winner!

  • Race: Zerg Zerg
  • League: Grandmaster
  • Spawn Location: 11:00

mAth

  • Race: Zerg Zerg
  • League: Master
  • Spawn Location: 5:00

VOD

Have the link to the VOD?

Description

Time

  • Played on: Feb. 27, 2017, 6:08 p.m.
  • Length: 11:16
Show
View Real Time Build Order
Export as new Build Order

Railgan Zerg - Winner!

Build Orders: Hatch First 

Get SALT Encoding   

  12  0:01  Drone  
  13  0:14  Overlord  
  13  0:17  Drone  
  14  0:33  Drone x2  
  16  0:37  Drone  
  17  0:47  Drone  
  18  0:57  Hatchery  
  18  1:00  Drone  
  18  1:02  Extractor  
  17  1:16  Spawning Pool  
  16  1:21  Drone  
  16  1:22  Drone  
  18  1:30  Drone  
  19  1:40  Overlord  
  19  1:52  Drone  
  20  2:03  Queen  
  20  2:04  Zergling x2  
  23  2:10  Queen  
  23  2:11  Drone  
  27  2:15  Drone  
  27  2:17  Metabolic Boost  
  27  2:21  Drone  
  28  2:23  Drone  
  29  2:31  Drone  
  29  2:35  Overlord  
  30  2:38  Queen  
  30  2:41  Baneling Nest  
  30  2:43  Drone  
  32  2:50  Queen  
  33  2:56  Drone  
  33  2:57  Drone  
  35  3:06  Drone x2  
  35  3:08  Drone  
  38  3:13  Extractor  
  38  3:15  Drone x2  
  38  3:18  Drone x2  
  42  3:24  Overlord  
  42  3:31  Drone x2  
  42  3:33  Roach Warren  
  42  3:34  Overlord  
  43  3:38  Extractor  
  42  3:45  Drone x3  
  42  3:48  Overlord  
  45  3:50  Zergling x4  
  47  3:57  Zergling x4  
  47  4:00  Zergling x2  
  49  4:03  Zergling x6  
  49  4:08  Drone  
  52  4:15  Roach  
  54  4:20  Roach x2  
  54  4:21  Roach  
  60  4:26  Roach  
  62  4:33  Roach  
  62  4:34  Hatchery, Roach  
  62  4:35  Drone x2  
  67  4:42  Overlord  
  67  4:45  Overlord  
  67  4:48  Baneling  
  67  4:57  Roach  
  67  4:59  Overlord  
  68  5:02  Roach x3  
  68  5:06  Roach x3  
  80  5:10  Roach  
  80  5:13  Roach  
  83  5:16  Baneling x3  
  83  5:20  Roach  
  87  5:28  Roach  
  87  5:29  Overlord x2  
  87  5:31  Roach x2  
  87  5:33  Baneling x2  
  90  5:50  Roach x5  
  92  5:59  Roach x2  
  92  6:00  Roach  
  99  6:04  Roach  
  99  6:10  Roach x2  
  99  6:17  Roach  
  99  6:22  Zergling x12  
  101  6:31  Roach  
  101  6:32  Zergling x2  
  100  6:36  Roach  
  96  6:40  Roach  
  96  6:45  Roach  
  96  6:46  Zergling x2  
  91  6:55  Roach x2  
  85  7:01  Roach  
  85  7:02  Zergling x2  
  85  7:04  Zergling x2  
  85  7:06  Zergling x8  
  86  7:09  Zergling x4  
  86  7:10  Extractor  
  86  7:12  Roach  
  77  7:24  Roach  
  77  7:28  Roach  
  72  7:31  Roach x2  
  72  7:32  Zergling x6  
  72  7:35  Drone  
  72  7:36  Drone x7  
  85  7:42  Baneling x3  
  85  7:43  Zergling x4  
  80  7:55  Zergling x6  
  75  8:03  Roach  
  75  8:04  Lair, Roach  
  75  8:05  Drone  
  80  8:06  Drone x3  
  80  8:07  Drone x3, Evolution Chamber  
  85  8:14  Drone x2  
  85  8:16  Extractor  
  85  8:17  Drone  
  87  8:22  Roach  
  89  8:29  Roach x5  
  89  8:33  Roach  
  98  8:34  Zerg Missile Weapons Level 1  
  98  8:35  Drone  
  98  8:36  Drone  
  98  8:39  Zergling x4  
  102  8:43  Overlord  
  102  8:44  Drone  
  102  8:46  Drone  
  102  8:48  Roach  
  106  8:57  Roach  
  106  8:58  Roach x2  
  112  9:09  Overlord, Roach x4  
  117  9:19  Roach x2  
  117  9:20  Roach x3  
  110  9:25  Roach  
  110  9:30  Drone x2  
  105  9:37  Roach x2, Glial Reconstitution  
  108  9:39  Roach x5  
  108  9:40  Roach  
  120  9:49  Extractor  
  119  9:59  Ravager x2  
  121  10:00  Ravager  
  121  10:01  Hatchery  
  121  10:04  Ravager  
  121  10:05  Extractor, Drone x3  
  124  10:12  Roach  
  124  10:13  Overlord x2, Roach x2  
  130  10:17  Overlord  
  130  10:18  Overlord  
  130  10:20  Overlord x2  
  130  10:23  Overlord  
  130  10:24  Overlord  
  130  10:32  Roach x5  
  130  10:35  Roach  
  142  10:37  Ravager x2  
  142  10:38  Ravager  
  142  10:39  Zergling x4  
  142  10:42  Roach  
  149  10:46  Zergling x6  
Show
View Real Time Build Order
Export as new Build Order

mAth Zerg 

Build Orders: Hatch First 

Get SALT Encoding   

  12  0:00  Drone  
  13  0:12  Overlord  
  13  0:16  Drone  
  14  0:32  Drone x2  
  14  0:35  Drone  
  17  0:53  Hatchery  
  17  0:55  Drone  
  17  0:58  Drone  
  17  1:02  Extractor  
  17  1:13  Spawning Pool  
  17  1:16  Drone  
  17  1:20  Drone  
  18  1:28  Drone  
  19  1:39  Overlord  
  19  1:51  Drone  
  20  2:01  Queen  
  20  2:02  Metabolic Boost  
  20  2:03  Zergling x2  
  20  2:05  Queen  
  20  2:08  Zergling x2  
  26  2:11  Drone  
  28  2:15  Drone  
  28  2:21  Drone  
  29  2:26  Drone  
  30  2:38  Hatchery  
  30  2:39  Drone  
  30  2:41  Drone  
  31  2:52  Drone x2, Baneling Nest  
  32  2:59  Overlord  
  31  3:06  Drone x2  
  31  3:11  Drone  
  34  3:19  Queen  
  36  3:21  Zergling x8  
  36  3:25  Zergling x2  
  40  3:33  Overlord  
  40  3:38  Baneling  
  40  3:44  Drone x3  
  40  3:48  Roach Warren  
  42  3:50  Zergling x2  
  43  3:59  Evolution Chamber  
  43  4:00  Drone x5  
  43  4:01  Drone x2  
  43  4:02  Drone  
  48  4:05  Drone x2  
  50  4:12  Lair  
  50  4:16  Extractor  
  47  4:17  Extractor  
  45  4:26  Drone x3  
  45  4:27  Drone  
  45  4:30  Zergling x2  
  45  4:31  Zergling x6  
  53  4:35  Baneling x2  
  53  4:38  Zergling x6  
  56  4:44  Overlord  
  56  4:45  Overlord  
  56  4:58  Zerg Missile Weapons Level 1  
  56  4:59  Drone, Overlord x2  
  57  5:00  Overlord  
  57  5:01  Overlord  
  57  5:14  Roach x7  
  70  5:21  Glial Reconstitution  
  70  5:29  Roach x2  
  70  5:33  Extractor  
  73  5:39  Roach x3  
  79  5:55  Roach  
  79  5:56  Roach x4  
  76  6:07  Roach x3  
  77  6:14  Roach x2  
  69  6:29  Roach x4  
  69  6:31  Zergling x16  
  69  6:32  Zergling x4  
  82  6:39  Roach x2  
  75  6:46  Roach x2  
  66  6:55  Roach x2  
  66  6:57  Queen  
  63  7:07  Roach x2  
  61  7:10  Roach, Zergling x2  
  61  7:14  Zergling x4  
  60  7:20  Roach  
  60  7:22  Zergling x2  
  44  7:30  Roach x2, Zergling x6  
  44  7:36  Drone  
  52  7:41  Drone x2  
  50  7:54  Roach, Zergling x4  
  52  7:59  Roach x3  
  52  8:00  Roach  
  60  8:06  Roach  
  60  8:08  Drone x2  
  60  8:09  Drone  
  65  8:13  Drone  
  65  8:14  Drone  
  67  8:22  Drone x2  
  67  8:23  Drone  
  70  8:33  Drone x4  
  74  8:46  Roach x4  
  82  8:58  Roach  
  82  9:00  Queen  
  82  9:01  Overlord  
  86  9:03  Roach  
  88  9:10  Drone x2  
  88  9:11  Extractor, Drone x2  
  85  9:21  Roach x4  
  84  9:31  Drone  
  84  9:32  Drone x3  
  83  9:54  Drone x2  
  83  9:57  Roach x3  
  83  9:59  Roach  
  93  10:05  Roach x2  
  97  10:11  Roach x2  
  97  10:14  Roach  
  103  10:21  Overlord x2  
  103  10:22  Ravager x2  
  103  10:24  Ravager  
  106  10:43  Ravager  
  106  10:48  Spire  
  106  10:52  Roach x2  
  106  10:56  Extractor  
  109  11:00  Drone x3  
Tags
 
Add a new tag
Caveats
  • Supply blocks, unpowered buildings, or Contaminate may cause inaccurate times.
  • Supply counts are checked every 10 seconds.